 Dungeon Crawl Stone Soup version 0.25.1-1-g288607f5aa (webtiles) character file.

Game seed: 8067875648162865304

75 Kold the Insei (level 4, -1/28 HPs)
             Began as an Octopode Transmuter on July 28, 2020.
             Slain by Sigmund
             ... wielding a +0 scythe
              (10 damage)
             ... on level 3 of the Dungeon.
             The game lasted 00:02:14 (2058 turns).

Kold the Insei (Octopode Transmuter)                Turns: 2058, Time: 00:02:15

Health: -1/28      AC:  1    Str:  9    XL:     4   Next: 31%
Magic:  7/7        EV: 13    Int: 16    God:
Gold:   83         SH:  0    Dex: 12    Spells: 6/7 levels left

rFire    . . .     SeeInvis .     - Unarmed
rCold    . . .     Gourm    .   (no shield)
rNeg     . . .     Faith    .   (helmet restricted)
rPois    .         Spirit   .   (no amulet)
rElec    .         Reflect  .   (no ring)
rCorr    .         Harm     .   (no ring)
MR       .....                  (no ring)
Stlth    ++........             (no ring)
HPRegen  0.09/turn              (no ring)
MPRegen  0.10/turn              (no ring)
                                (no ring)
                                (no ring)

@: no status effects
A: almost no armour, stealthy swim, amphibious, 8 rings, constrict 8, camouflage
1, gelatinous body 1
a: no special abilities


You were on level 3 of the Dungeon.
You were hungry.

You visited 1 branch of the dungeon, and saw 3 of its levels.

You collected 83 gold pieces.

Inventory:

Missiles
 a - 50 arrows
Jewellery
 e - a cursed ring of teleportation {unknown}
Scrolls
 f - 4 scrolls of identify {unknown}
 g - a scroll of remove curse {unknown}
 l - 2 scrolls of blinking {unknown}
Potions
 b - 2 potions of curing
 d - a potion of brilliance {unknown}
 h - a potion of lignification {unknown}
 i - a potion of might {unknown}
 j - a potion of magic {unknown}
 m - a potion of haste {unknown}
Comestibles
 c - 5 rations


   Skills:
 - Level 1.0 Fighting
 - Level 2.0 Dodging
 + Level 4.1 Unarmed Combat
 - Level 2.0 Spellcasting
 + Level 3.4 Transmutations


You had 6 spell levels left.
You knew the following spells:

 Your Spells              Type           Power        Failure   Level  Hunger
a - Beastly Appendage     Tmut           ##....       4%          1    #......

Your spell library contained the following spells:

 Spells                   Type           Power        Failure   Level  Hunger
 Sticks to Snakes         Tmut           ##......     8%          2    ###....
 Spider Form              Tmut/Pois      #.........   30%         3    ###....
 Ice Form                 Ice/Tmut       #.......     71%         4    #####..
 Blade Hands              Tmut           ##........   80%         5    ######.


Dungeon Overview and Level Annotations

Branches:
Dungeon (3/15)

Altars:

Annotations:
D:3 Sigmund


Innate Abilities, Weirdness & Mutations

You cannot wear most types of armour.
You are very stealthy in the water. (Stealth+)
You are amphibious.
You can wear up to eight rings at the same time.
You can use your tentacles to constrict eight enemies at once.
Your skin changes colour to match your surroundings (Stealth+).
Your rubbery body absorbs attacks. (AC +1, EV +1)


Message History

Sigmund is lightly wounded.
You constrict Sigmund, but do no damage.
You tentacle-slap Sigmund.
You pierce Sigmund, but do no damage.
You squeeze Sigmund, but do no damage.
Sigmund is lightly wounded.
You constrict Sigmund. Sigmund hits you with a +0 scythe!
* * * LOW HITPOINT WARNING * * *
You barely miss Sigmund.
Sigmund is moderately wounded.
You constrict Sigmund. Sigmund misses you.
It was a potion of curing.
You feel better.
You constrict Sigmund, but do no damage.
You tentacle-slap Sigmund.
You pierce Sigmund.
You squeeze Sigmund!
Sigmund is severely wounded.
You constrict Sigmund. Sigmund hits you with a +0 scythe!
You tentacle-slap Sigmund.
You pierce Sigmund.
Sigmund is severely wounded.
Your tentacle spike disappears.
You constrict Sigmund. Sigmund hits you with a +0 scythe!
You die...

#### ####
#...#######....
#..............
#...#..........
####..............
..................
..................
.......<..@@..#
....##.....##..# .
#.#.### # .....#
.....#.# ...##.#.#
... ..#.# ..
...#..


You could see Sigmund.

Vanquished Creatures
  3 adders (D:2)
  An ooze (D:2)
  2 dart slugs (D:1)
  2 leopard geckos (D:1)
  3 bats
  A giant cockroach (D:1)
  2 goblins
  10 hobgoblins
  2 jackals (D:1)
  7 kobolds
  4 rats
37 creatures vanquished.

Notes
Turn   | Place    | Note
-------+----------+-------------------------------------------
     0 | D:1      | Kold the Octopode Transmuter began the quest for the Orb.
     0 | D:1      | Reached XP level 1. HP: 13/13 MP: 3/3
   123 | D:1      | Reached XP level 2. HP: 18/18 MP: 3/5
   342 | D:1      | Reached XP level 3. HP: 6/23 MP: 6/6
  1191 | D:2      | Found a faded altar of an unknown god.
  1491 | D:2      | Reached XP level 4. HP: 28/28 MP: 7/7
  1501 | D:2      | Reached skill level 4 in Unarmed Combat
  2046 | D:3      | Noticed Sigmund
  2058 | D:3      | Slain by Sigmund

Illustrated notes

Levels and vault maps discovered:
D:1:      minmay_arrival_plants_in_alcoves, layout_loops_ring
D:2:      layout_basic, chequers_ecumenical_altar_simple_redux
D:3:      layout_basic, nicolae_gozag_seed_capital, uniq_crazy_yiuf_cottage,
          uniq_sigmund, uniq_grinder, uniq_robin

Skill      XL: |  1  2  3  4 |
---------------+-------------+-----
Transmutations | 3 |  3.4
Unarmed Combat | 4 |  4.1
Fighting       | |  1.0
Dodging        | |  2.0
Spellcasting   | |  2.0

Action                   |  1- 3 |  4- 6 || total
-------------------------+-------+-------++-------
Melee: Unarmed           |    75 |    21 ||    96
       Constrict         |    27 |     3 ||    30
       Tentacles         |    14 |     3 ||    17
       Kick              |    10 |     9 ||    19
       Punch             |     2 |     1 ||     3
 Cast: Beastly Appendage |    10 |     3 ||    13
  Use: Potion            |       |     1 ||     1
 Stab: Sleeping          |     6 |       ||     6
  Eat: Chunk             |     2 |     1 ||     3
Armor: Skin              |     7 |     2 ||     9
Dodge: Dodged            |    64 |     8 ||    72
